 Dungeon Crawl Stone Soup version 0.31-a0-949-g57150269e1 (webtiles) character file.

Game seed: 13410034088840865779

12602 oldriver the Basher (level 11, -1/90 HPs)
             Began as a Mummy Fighter on Oct 22, 2023.
             Was a High Priest of Okawaru.
             Slain by an elephant (2 damage)
             ... while petrified by a basilisk
             ... on level 1 of the Lair of Beasts.
             The game lasted 00:22:42 (12721 turns).

oldriver the Basher (Mummy Fighter)                Turns: 12721, Time: 00:22:43

Health: -1/90      AC: 15    Str: 23    XL:     11   Next: 64%
Magic:  13/14      EV:  2    Int:  8    God:    Okawaru [*****.]
Gold:   836        SH:  0    Dex: 12    Spells: 10/10 levels left

rFire   x . .        w - +3 morningstar
rCold   + . .        l - +2 buckler
rNeg    + + +        q - +0 chain mail {rPois}
rPois   ∞            f - +0 helmet
rElec   .            r - +0 cloak
rCorr   +            a - +0 pair of gloves
SInv    .            (no boots)
Will    +....        (no amulet) Stlth
                     o - ring of resist corrosion
HPRegen 0.35/turn    (no ring)
MPRegen 0.14/turn

%: faith
@: petrified, heroic
A: cold resistance 1, negative energy resistance 3, torment resistance 2, heat
vulnerability 1, in touch with death 1, no potions, faith
a: Renounce Religion, Heroism, Finesse, Duel


You were on level 1 of the Lair of Beasts.
You worshipped Okawaru.
Okawaru was extremely pleased with you.
You visited 2 branches of the dungeon, and saw 11 of its levels.

You collected 836 gold pieces.

Inventory:

Hand Weapons
 w - a +3 morningstar (weapon)
Missiles
 b - a curare-tipped dart
 e - 4 boomerangs
 h - 23 poisoned darts
 k - 7 javelins
 n - 26 stones (quivered)
 B - 2 atropa-tipped darts
Armour
 a - a +0 pair of gloves (worn)
 f - a +0 helmet (worn)
 l - a +2 buckler (worn)
 q - a +0 chain mail of poison resistance (worn)
 r - a +0 cloak (worn)
Jewellery
 o - a ring of resist corrosion (left hand)
Wands
 d - a wand of mindburst (28)
 i - a wand of digging (3)
 t - a wand of paralysis (14)
 z - a wand of iceblast (9)
Scrolls
 c - a scroll of enchant armour
 g - 2 scrolls of teleportation
 j - a scroll of fog
 m - a scroll of immolation
 p - 2 scrolls of summoning
 s - 3 scrolls of amnesia
 u - a scroll of silence
 v - 3 scrolls of vulnerability
 x - a scroll of noise
 y - a scroll of fear
 A - a scroll of identify


   Skills:
 + Level 10.0(15.0) Fighting
 * Level 11.5(16.5) Maces & Flails
 - Level 3.0(8.0) Throwing
 - Level 4.0(9.0) Armour
 - Level 2.0(7.0) Dodging
 - Level 4.0(9.0) Shields
 - Level 5.0 Invocations


You had 10 spell levels left.
You didn't know any spells.
Your spell library contained the following spells:

 Spells                   Type           Power      Damage    Failure   Level
 Kiss of Death            Conj/Necr      0%         2d5       94%         1
 Magic Dart               Conj           0%         1d3       94%         1
 Lesser Beckoning         Tloc           0%         N/A       98%         2
 Confusing Touch          Hex            0%         N/A       100%        3
 Frozen Ramparts          Ice            0%         1d1       100%        3
 Gell's Gravitas          Tloc           0%         N/A       100%        3
 Mephitic Cloud           Conj/Pois/Air  0%         N/A       100%        3
 Teleport Other           Tloc           0%         N/A       100%        3
 Anguish                  Hex/Necr       0%         N/A       100%        4
 Cause Fear               Hex            0%         N/A       100%        4
 Dispel Undead            Necr           0%         3d6       100%        4
 Petrify                  Tmut/Erth      0%         N/A       100%        4
 Sticky Flame             Conj/Fire      0%         2d3       100%        4
 Metabolic Englaciation   Hex/Ice        0%         N/A       100%        5
 Enfeeble                 Hex            0%         N/A       100%        7
 Fire Storm               Conj/Fire      0%         5d1       100%        9
 Call Imp                 Summ           Unusable   N/A       N/A         2
 Sublimation of Blood     Necr           Unusable   N/A       N/A         2
 Wereblood                Tmut           Unusable   N/A       N/A         2
 Summon Hydra             Summ           Unusable   N/A       N/A         7

Dungeon Overview and Level Annotations

Branches:
Dungeon (9/15)             Temple (0/1) D:5            Lair (2/5) D:8
  Swamp: Lair:2-3    Shoals: Lair:2-3     Snake: Lair:2-3    Spider: Lair:2-3
    Orc: D:9-12

Altars:
Cheibriados
Hepliaklqana
Makhleb
Okawaru
Qazlal
Trog
Uskayaw
Wu Jian
Xom

Shops:
D:7 *   D:9 !((

Annotations:
D:8 exclusion: orange crystal statue


Innate Abilities, Weirdness & Mutations

You are immune to poison.
Your flesh is cold resistant. (rC+)
You are immune to negative energy. (rN+++)
You are immune to unholy pain and torment.
You are vulnerable to heat. (rF-)
You are in touch with the powers of death.
You do not drink.
You have a special connection with the divine. (Faith)


Message History

The cane toad gives a loud, deep croak!
You hear a loud, deep croak!
A basilisk comes into view.
A cane toad comes into view.
The basilisk hisses angrily.
The basilisk gazes at you.
You are slowing down.
As you read the scroll of teleportation, it crumbles to dust.
You feel strangely unstable.
Your limbs are stiffening.
You gain the combat prowess of a mighty hero.
Your surroundings suddenly seem different.
The elephant trumpets! x2
You block the elephant's attack.
The elephant trunk-slaps you but does no damage.
You have turned to stone.
The elephant tramples you!
You hold your ground!
The elephant trunk-slaps you but does no damage.
The elephant tramples you.
You hold your ground!
The elephant trunk-slaps you but does no damage.
The cane toad stings you! The elephant tramples you!
You are shoved backwards!
The elephant tramples you but does no damage.
The elephant trunk-slaps you but does no damage.
The elephant tramples you!
* * * LOW HITPOINT WARNING * * *
You are shoved backwards!
The elephant tramples you!
* * * LOW HITPOINT WARNING * * *
You are shoved backwards!
The elephant tramples you but does no damage.
The elephant trunk-slaps you but does no damage.
The elephant barely misses you.
The elephant trunk-slaps you but does no damage.
The cane toad stings you!
* * * LOW HITPOINT WARNING * * *
The elephant tramples you!
* * * LOW HITPOINT WARNING * * *
You are shoved backwards!
The cane toad stings you!!
* * * LOW HITPOINT WARNING * * *
The elephant tramples you.
You are shoved backwards!
The elephant tramples you.
You die...

#...####.# .
##..##.#####....
#...............
#...............
##..............
#..............
#YY............
##YY..............
#@F..#######.....#
#....#............
##.........#.....P
#....#.....#......
#....#...........#
##...#.....#.....+
#...####.##.....#
#...............+
#................


You could see 4 elephants and a cane toad.

Vanquished Creatures
  A two-headed ogre (D:8)
  3 death yaks
  3 elephants (Lair:1)
  4 cane toads (Lair:1)
  A komodo dragon (Lair:1)
  A rime drake (Lair:1)
  A troll (D:6)
  A blink frog (Lair:1)
  17 yaks
  A wraith (D:9)
  A steam dragon (D:9)
  A basilisk (Lair:1)
  5 water moccasins
  An acid dragon (D:9)
  2 sky beasts
  An ice beast (D:6)
  2 black bears
  An orc warrior (D:9)
  7 centaurs
  2 ogres (D:4)
  3 phantoms
  4 kobold brigands
  2 bullfrogs
  A gnoll sergeant (D:7)
  2 scorpions
  3 wights (D:8)
  5 killer bees (D:7)
  A howler monkey (D:8)
  A jelly (D:5)
  6 hounds
  8 orc priests
  2 gnoll boudas (D:6)
  A sleepcap (D:4)
  4 iguanas
  10 orc wizards
  A mummy (D:5)
  10 adders
  13 gnolls
  4 river rats (D:8)
  A white imp (D:7)
  39 orcs
  13 ball pythons
  10 endoplasms
  3 giant cockroaches
  11 goblins
  12 hobgoblins
  24 kobolds
  7 quokkas
  5 bats
  2 frilled lizards
  8 rats
  A spectral goblin (D:8)
  A butterfly (D:5)
274 creatures vanquished.

Vanquished Creatures (others)
  A scorpion (D:5)
1 creature vanquished.

Grand Total: 275 creatures vanquished

Notes
Turn   | Place    | Note
-------+----------+-------------------------------------------
     0 | D:1      | oldriver the Mummy Fighter began the quest for the Orb.
     0 | D:1      | Reached XP level 1. HP: 18/18 MP: 1/1
   128 | D:1      | Reached skill level 2 in Maces & Flails
   173 | D:1      | Reached XP level 2. HP: 18/24 MP: 2/2
   871 | D:2      | Reached XP level 3. HP: 29/29 MP: 3/3
  1454 | D:2      | Reached skill level 3 in Maces & Flails
  1785 | D:3      | Reached XP level 4. HP: 37/37 MP: 4/4
  2360 | D:4      | Noticed a phantom
  2407 | D:4      | Killed a phantom
  2408 | D:4      | Reached XP level 5. HP: 16/42 MP: 5/5
  2517 | D:4      | Reached skill level 4 in Maces & Flails
  2572 | D:4      | Noticed an ogre
  2585 | D:4      | HP: 2/43 [ogre/+0 giant club (16)]
  2590 | D:4      | Killed an ogre
  2591 | D:4      | Reached XP level 6. HP: 4/49 MP: 6/6
  3225 | D:4      | Reached skill level 5 in Fighting
  3225 | D:4      | Reached skill level 5 in Maces & Flails
  3682 | D:4      | Reached XP level 7. HP: 46/56 MP: 7/7
  3937 | D:4      | Found an iron altar of Okawaru.
  4500 | D:4      | Became a worshipper of Warmaster Okawaru
  4563 | D:5      | Entered Level 5 of the Dungeon
  4671 | D:5      | Found a staircase to the Ecumenical Temple.
  5038 | D:5      | Reached skill level 6 in Maces & Flails
  5064 | D:5      | Reached skill level 1 in Throwing
  5118 | D:5      | Noticed a yak
  5410 | D:5      | Reached XP level 8. HP: 61/64 MP: 8/8
  5565 | D:4      | Reached * piety under Okawaru
  5836 | D:5      | Reached skill level 7 in Maces & Flails
  5836 | D:5      | Reached skill level 1 in Invocations
  6269 | D:5      | Found a shimmering altar of Xom.
  6500 | D:5      | Found a snail-covered altar of Cheibriados.
  6722 | D:6      | Noticed a troll
  6733 | D:6      | Killed a troll
  6804 | D:6      | Reached XP level 9. HP: 63/72 MP: 10/10
  6935 | D:6      | Reached skill level 8 in Maces & Flails
  6941 | D:6      | Reached ** piety under Okawaru
  8122 | D:7      | Reached skill level 1 in Dodging
  8383 | D:7      | Found Jamadgha's Serpentskin Sales.
  8433 | D:7      | Reached *** piety under Okawaru
  8434 | D:7      | Reached skill level 9 in Maces & Flails
  8868 | D:7      | Reached XP level 10. HP: 48/80 MP: 12/12
  9043 | D:7      | Found a burning altar of Makhleb.
  9043 | D:7      | Found a faded altar of an unknown god.
  9051 | D:7      | Found a bloodstained altar of Trog.
  9053 | D:7      | Found a faded altar of an unknown god.
  9055 | D:7      | Found an ornate altar of the Wu Jian Council.
  9086 | D:8      | Identified the of Lulleb
  9166 | D:8      | Noticed a death yak
  9169 | D:8      | Noticed a death yak
  9170 | D:8      | Found a staircase to the Lair.
  9170 | D:8      | Noticed a death yak
  9403 | D:8      | Reached **** piety under Okawaru
  9475 | D:7      | Killed a death yak
  9739 | D:8      | Noticed a two-headed ogre
  9900 | D:7      | Killed a death yak
  9933 | D:8      | Killed a death yak
  9934 | D:8      | Reached skill level 10 in Maces & Flails
 10266 | D:8      | Found a hazy altar of Hepliaklqana.
 10497 | D:8      | Killed a two-headed ogre
 10676 | D:8      | Noticed an orange crystal statue
 10747 | D:9      | Found a stormy altar of Qazlal.
 10834 | D:9      | Found Ladgh's Antique Weapon Boutique.
 10881 | D:9      | Reached ***** piety under Okawaru
 10957 | D:9      | Reached XP level 11. HP: 87/89 MP: 11/14
 11404 | D:9      | Found Num Xoxu's Weapon Emporium.
 11447 | D:9      | Found a hide-covered altar of Uskayaw.
 11471 | D:9      | Found Uhixt's Distillery.
 11614 | Lair:1   | Entered Level 1 of the Lair of Beasts
 11810 | Lair:2   | Noticed a six-headed hydra
 11847 | Lair:1   | Received a gift from Okawaru
 11848 | Lair:1   | Reached skill level 5 in Invocations
 12224 | Lair:1   | Reached skill level 11 in Maces & Flails
 12691 | Lair:1   | Reached skill level 10 in Fighting
 12720 | Lair:1   | HP: 1/90 [cane toad (9)]
 12721 | Lair:1   | Slain by an elephant

Illustrated notes

Levels and vault maps discovered:
D:1:      minmay_arrival_pointy, layout_basic, solitary_fountain,
          amcnicky_mini_pool_small
D:2:      layout_loops_corners
D:3:      layout_loops_ring
D:4:      minmay_polygon_palace, layout_basic, kennysheep_mini_moat
D:5:      layout_loops_corners, xom_confusion_cloud, slow_altar_2,
          minmay_temple_entry_butterflies
D:6:      minmay_general_purpose_star, layout_basic, minmay_tree_intersection
D:7:      layout_gridville, chequers_temple_overflow_minitemple,
          guppyfry_shop_venom
D:8:      minmay_statue_hallways, layout_loops_ring,
          nicolae_hepliaklqana_monster_ancestors, dpeg_lair_monsters,
          nrook_mini_backslash
D:9:      layout_roguey, nicolae_uskayaw_suspiria,
          nicolae_qazlal_general_emergency, serial_shops,
          nicolae_shop_statue_plus, nicolae_shop_crystal, shop
Lair:1:   layout_regular_city, hangedman_tree_tricks, st_stairs_10,
          beast_lair_carwin_2
Lair:2:   cheibrodos_lair_river_kwai, layout_long_grid, swamp_mist,
          beast_lair_carwin_6, uniq_prince_ribbit2

Skill      XL: |  1  2  3  4  5  6  7  8  9 10 11 |
---------------+----------------------------------+-----
Maces & Flails | 2 3 4 5 6 7 9 10 11 | 11.5
Fighting       | 4 5 6 7 8 9 10 | 10.0
Throwing       | 1 2 3 |  3.0
Invocations    | 2 3 4 5 |  5.0
Dodging        | 1 2 |  2.0
Armour         | 3 4 |  4.0
Shields        | 3 4 |  4.0

Action                     |  1- 3 |  4- 6 |  7- 9 | 10-12 || total
---------------------------+-------+-------+-------+-------++-------
  Melee: Whip              |   119 |   281 |   491 |       ||   891
         Flail             |     7 |       |       |       ||     7
         Morningstar       |       |       |   137 |   312 ||   449
  Throw: Stone             |       |       |    30 |     9 ||    39
         Boomerang         |       |       |     7 |       ||     7
         Javelin           |       |       |     4 |       ||     4
         Dart              |       |       |       |     1 ||     1
 Invoke: Heroism           |       |       |     5 |    13 ||    18
         Finesse           |       |       |       |     1 ||     1
  Evoke: Wand              |       |       |     2 |       ||     2
    Use: Scroll            |       |     6 |     6 |     3 ||    15
 Armour: Leather armour    |    56 |   138 |    80 |       ||   274
         Scale mail        |     2 |       |       |       ||     2
         Chain mail        |       |       |   363 |   234 ||   597
  Dodge: Dodged            |    53 |   100 |   231 |    82 ||   466
  Block: Buckler           |    21 |    46 |   146 |    88 ||   301

Table legend: (Time is in decaauts)
 A = Elapsed time spent in this place.
 B = Non-inter-level travel time spent in this place.
 C = Inter-level travel time spent in this place.
 D = Time resting spent in this place.
 E = Time spent auto-exploring this place.
 F = Levels seen in this place.
 G = Mean time per level.
                   A        B        C        D        E       F      G
               +--------+--------+--------+--------+--------+-----+--------+
         Total |  12583 |  11754 |    829 |   2808 |   6115 |  11 | 1143.9 |
       Dungeon |  11629 |  10800 |    829 |   2282 |   5903 |   9 | 1292.1 |
          Lair |    954 |    954 |      0 |    526 |    212 |   2 |  477.0 |
               +--------+--------+--------+--------+--------+-----+--------+

Top non-repeatable levels by time:
     D:4: 2413 daAuts
     D:5: 1593 daAuts
     D:7: 1555 daAuts
     D:6: 1339 daAuts
     D:8: 1302 daAuts
  Lair:1: 951 daAuts
     D:3: 902 daAuts
     D:1: 866 daAuts
     D:9: 854 daAuts
     D:2: 802 daAuts
  Lair:2: 2 daAuts
